 Dungeon Crawl Stone Soup version 0.30.1-3-gfc49f6343a (webtiles) character file.

Game seed: 8174048358623467862

196 Peloso the Trooper (level 5, -3/47 HPs)
             Began as a Minotaur Fighter on Aug 1, 2023.
             Slain by an orc warrior
             ... wielding a +0 hand axe
              (11 damage)
             ... on level 4 of the Dungeon.
             The game lasted 00:05:51 (2980 turns).

Peloso the Trooper (Minotaur Fighter)               Turns: 2980, Time: 00:05:51

Health: -3/47      AC:  7    Str: 20    XL:     5   Next: 45%
Magic:  4/4        EV:  9    Int:  5    God:
Gold:   124        SH:  5    Dex: 12    Spells: 4/4 levels left

rFire   . . .        a - +0 long sword
rCold   . . .        c - +0 buckler
rNeg    . . .        b - +0 scale mail
rPois   .            (helmet restricted)
rElec   .            (no cloak)
rCorr   .            (no gloves)
SInv    .            (no boots)
Will    .....        (no amulet) Stlth
                     (no ring)
HPRegen 0.27/turn    (no ring)
MPRegen 0.09/turn

%: no passive effects
@: hasted, studying Throwing, very quick
A: horns 2, retaliatory headbutt
a: no special abilities


You were on level 4 of the Dungeon.
You visited 1 branch of the dungeon, and saw 4 of its levels.

You collected 124 gold pieces.

Inventory:

Hand Weapons
 a - a +0 long sword (weapon)
Armour
 b - a +0 scale mail (worn)
 c - a +0 buckler (worn)
Jewellery
 h - an amulet of guardian spirit
 m - a ring of fire
Scrolls
 e - 4 scrolls of poison {unknown}
 k - 2 scrolls of teleportation {unknown}
Potions
 d - a potion of might
 f - a potion of brilliance
 j - a potion of haste
 l - 2 potions of lignification {unknown}


   Skills:
 + Level 4.8 Fighting
 + Level 4.4 Long Blades
 + Level 4.7 Armour
 + Level 1.2 Dodging
 + Level 4.3 Shields


You had 4 spell levels left.
You didn't know any spells.
Your spell library contained the following spells:

 Spells                   Type           Power      Damage    Failure   Level
 Apportation              Tloc           0%         N/A       87%         1
 Necrotise                Necr           0%         1d4       87%         1
 Summon Small Mammal      Summ           0%         N/A       87%         1


Dungeon Overview and Level Annotations

Branches:
Dungeon (4/15)
 Temple: D:4-7

Altars:

Annotations:
D:2 1 runed translucent door, Crazy Yiuf


Innate Abilities, Weirdness & Mutations

You have a pair of horns on your head.
You reflexively headbutt those who attack you in melee.


Message History

You kill the orc!
Things that are here:
a +0 club; a +0 leather armour You see here a +0 hand axe.
An orc warrior comes into view. It is wielding a +0 hand axe.
The orc warrior shouts!
The orc warrior unwields a +0 hand axe.
The orc warrior wields a +0 arbalest.
The orc warrior shoots a bolt.
The bolt hits you but does no damage.
An orc warrior is nearby!
A quokka comes into view.
The quokka twitches its whiskers.
The orc warrior shoots a bolt.
The bolt hits you!
The quokka moves out of view.
The orc warrior shoots a bolt.
The bolt hits you!
You aren't carrying any items that you can evoke.
You feel yourself speed up.
The orc warrior unwields a +0 arbalest.
The orc warrior wields a +0 hand axe.
The orc warrior hits you with a +0 hand axe.
You hit the orc warrior but do no damage.
You hit the orc warrior but do no damage.
The orc warrior hits you with a +0 hand axe.
You closely miss the orc warrior. The quokka barely misses you.
You furiously retaliate!
You headbutt the quokka, but do no damage.
The orc warrior closely misses you.
You closely miss the orc warrior. The quokka bites you.
The orc warrior hits you but does no damage.
You hit the orc warrior but do no damage.
Your headbutt misses the orc warrior.
The quokka bites you but does no damage.
You barely miss the orc warrior. Your headbutt misses the orc warrior.
The orc warrior hits you with a +0 hand axe.
The quokka bites you but does no damage.
You closely miss the orc warrior. The quokka bites you.
The orc warrior hits you with a +0 hand axe!
* * * LOW HITPOINT WARNING * * *
You hit the orc warrior but do no damage.
The quokka completely misses you. You furiously retaliate!
You headbutt the quokka.
The orc warrior hits you with a +0 hand axe!
You die...

#........#.#
#........#.#
#.......##.##r
#.......##.##o##
#.......#..##...
#.......#...#...
#.......##.##.$##+##
#.......##.##..##..##
#..........##..o@...#
#..........##..r....#
###+#####..##..##..## .
#...##..##.##.+##..##..#
#..............)........
#.......................
#<..)..........)........
#..............)........
###########.##...####..#


You could see an orc warrior and a quokka.

Vanquished Creatures
  An orc priest (D:3)
  A jelly (D:4)
  2 orc wizards (D:3)
  An adder (D:3)
  A worm (D:2)
  2 dart slugs
  4 orcs
  5 bats
  4 endoplasms
  4 giant cockroaches
  3 goblins (D:2)
  7 hobgoblins
  4 jackals (D:3)
  3 quokkas
  3 ball pythons
  4 frilled lizards
  9 kobolds
  5 rats
63 creatures vanquished.

Notes
Turn   | Place    | Note
-------+----------+-------------------------------------------
     0 | D:1      | Peloso the Minotaur Fighter began the quest for the Orb.
     0 | D:1      | Reached XP level 1. HP: 19/19 MP: 0/0
   407 | D:1      | Reached XP level 2. HP: 26/27 MP: 1/1
   881 | D:2      | Reached XP level 3. HP: 33/33 MP: 2/2
  1176 | D:2      | Found a runed translucent door.
  1177 | D:2      | Noticed Crazy Yiuf
  1562 | D:3      | Reached XP level 4. HP: 36/41 MP: 3/3
  1839 | D:3      | Reached skill level 1 in Dodging
  1910 | D:3      | Reached XP level 5. HP: 47/47 MP: 4/4
  2963 | D:4      | Noticed an orc warrior
  2980 | D:4      | Slain by an orc warrior

Illustrated notes

Levels and vault maps discovered:
D:1:      ebering_hopf_link, layout_loops_ring, minmay_distorted
D:2:      layout_basic, kennysheep_generic_room_13, uniq_crazy_yiuf_cottage
D:3:      layout_basic, lexackson_kobold_supper
D:4:      layout_gridville, minmay_manual_monolith

Skill      XL: |  1  2  3  4 |
---------------+-------------+-----
Fighting       | 4 |  4.8
Shields        | 4 |  4.3
Armour         | 4 |  4.7
Long Blades    | 3 4 |  4.4
Dodging        | 1 |  1.2

Action                     |  1- 3 |  4- 6 || total
---------------------------+-------+-------++-------
  Melee: Long sword        |    73 |   184 ||   257
         Headbutt          |    14 |    50 ||    64
    Use: Scroll            |     5 |       ||     5
         Potion            |     2 |     1 ||     3
 Armour: Scale mail        |    39 |    49 ||    88
  Dodge: Dodged            |    27 |    40 ||    67
  Block: Buckler           |    13 |    13 ||    26
